 Dungeon Crawl Stone Soup version 0.30.1-1-g62c8e00024 (webtiles) character file.

Game seed: 5076354496180118969

9429 monsoonserge the Martial Artist (level 11, -10/75 HPs)
             Began as an Octopode Transmuter on July 17, 2023.
             Was an Initiate of Gozag.
             Mangled by Maurice
             ... wielding a +1 falchion of distortion
              (14 damage)
             ... on level 8 of the Dungeon.
             The game lasted 00:42:40 (9543 turns).

monsoonserge the Martial Artist (OpTm)              Turns: 9543, Time: 00:42:42

Health: -10/75     AC:  8    Str: 11    XL:     11   Next: 46%
Magic:  0/17       EV: 10    Int: 24    God:    Gozag
Gold:   370        SH:  0    Dex: 13    Spells: 5/18 levels left

rFire   x .          .
                       - Unarmed
rCold   + + +        (shield currently unavailable)
rNeg    + . .        (helmet currently unavailable)
rPois   +            o - amulet of guardian spirit
rElec   .            n - +6 ring of intelligence
rCorr   +            H - ring of positive energy
SInv    .            M - ring of resist corrosion
Will    .....        (no ring)
Stlth   ++           (no ring)
HPRegen 0.32/turn    (no ring)
MPRegen 0.15/turn    (no ring)
                     (no ring)

%: guardian spirit
@: ice-form (expiring)
A: freezing attack, boosted hp, almost no armour, amphibious, 8 rings, large,
(camouflage 1), (gelatinous body 1), (nimble swimmer 1), (tentacles)
a: End Transformation, Renounce Religion, Potion Petition, Call Merchant, Bribe
Branch


You were on level 8 of the Dungeon.
You worshipped Gozag.
Gozag was aware of your devotion.
You were a creature of crystalline ice.
You visited 2 branches of the dungeon, and saw 9 of its levels.
You also visited: Bailey.

You collected 539 gold pieces.
You paid 169 gold pieces to Gozag.

Inventory:

Hand Weapons
 N - a +0 club
 O - a +0 club
Missiles
 h - 22 poisoned darts (quivered)
 z - 6 boomerangs of dispersal
 D - 2 javelins
 E - 6 throwing nets
 P - 6 boomerangs
Magical Staves
 b - a staff of air
 y - a staff of fire
Jewellery
 n - a +6 ring of intelligence (left front paw)
 o - an amulet of guardian spirit (around neck)
 H - a ring of positive energy (right front paw)
 M - a ring of resist corrosion (on tentacle)
Wands
 B - a wand of charming (7)
Scrolls
 e - a scroll of magic mapping {unknown}
 i - a scroll of vulnerability {unknown}
 k - 2 scrolls of summoning
 l - 2 scrolls of fog {unknown}
 m - a scroll of brand weapon {unknown}
 p - 2 scrolls of amnesia
 r - 3 scrolls of enchant armour
 s - 3 scrolls of fear {unknown}
 t - 4 scrolls of teleportation {unknown}
 v - a scroll of enchant weapon {unknown}
 w - 3 scrolls of poison
Potions
 a - a potion of lignification
 c - 3 potions of flight
 f - 3 potions of curing
 g - 4 potions of haste
 j - 5 potions of might
 q - 2 potions of mutation {unknown}
 u - a potion of resistance {unknown}
 C - a potion of ambrosia {unknown}
 G - 3 potions of attraction {unknown}
 I - 2 potions of invisibility {unknown}
 L - 2 potions of magic {unknown}


   Skills:
 - Level 1.0 Fighting
 - Level 2.0 Dodging
 + Level 3.7 Stealth
 - Level 1.0 Shields
 * Level 14.6 Unarmed Combat
 + Level 4.3 Spellcasting
 - Level 2.0 Conjurations
 * Level 7.4 Transmutations
 - Level 2.0 Ice Magic
 - Level 2.0 Air Magic
 - Level 3.0 Poison Magic


You had 5 spell levels left.
You knew the following spells:

 Your Spells              Type           Power      Damage    Failure   Level
a - Beastly Appendage     Tmut           80%        N/A       1%          1
b - Wereblood             Tmut           40%        N/A       1%          2
c - Spider Form           Tmut/Pois      30%        N/A       3%          3
d - Ice Form              Ice/Tmut       27%        N/A       14%         4
e - Mephitic Cloud        Conj/Pois/Air  16%        N/A       11%         3

Your spell library contained the following spells:

 Spells                   Type           Power      Damage    Failure   Level
 Poisonous Vapours        Pois/Air       34%        N/A       5%          2
 Scorch                   Fire           10%        2d5       14%         2
 Flame Wave               Conj/Fire      9%         2d6       54%         4
 Summon Ice Beast         Ice/Summ       9%         N/A       54%         4
 Cause Fear               Hex            2%         N/A       67%         4
 Freezing Cloud           Conj/Ice/Air   7%         6-21      75%         5
 Summon Mana Viper        Hex/Summ       5%         N/A       95%         5
 Dragon Form              Tmut           20%        N/A       98%         7
 Summon Cactus Giant      Summ           2%         N/A       100%        6
 Monstrous Menagerie      Summ           2%         N/A       100%        7
 Dragon's Call            Summ           2%         N/A       100%        9


Dungeon Overview and Level Annotations

Branches:
Dungeon (8/15)             Temple (1/1) D:4          Bailey (visited)
   Lair: D:8-11

Altars:
Ashenzari
Cheibriados
Dithmenos
Elyvilon
Fedhas
Gozag
Hepliaklqana
Kikubaaqudgha
Makhleb
Okawaru
Qazlal
Ru
Sif Muna
Trog
Uskayaw
Vehumet
Wu Jian
Xom
Yredelemnul
Zin
The Shining One

Shops:
D:7 (

Annotations:
D:8 Maurice


Innate Abilities, Weirdness & Mutations

You are a creature of crystalline ice.
You have a powerful freezing melee attack.
Your maximum health is increased.
Your armour is entirely melded.
You are incapable of wielding weapons or throwing items.
You cannot wear most types of armour.
You are amphibious.
You can wear up to eight rings at the same time.
((Your skin changes colour to match your surroundings (Stealth+).))
((Your rubbery body absorbs attacks. (AC +1, EV +1)))
((You are camouflaged when in or above water. (Stealth+)))
((You have tentacles for arms and can constrict up to eight enemies at once.))


Message History

You completely miss something. You closely miss something. Something hits you!
* * * LOW HITPOINT WARNING * * *
Something steals your staff of fire! Space warps around you.
* * * LOW HITPOINT WARNING * * *
You closely miss something. Something hits you.
* * * LOW HITPOINT WARNING * * *
Something steals your cyan potion! Space warps around you.
* * * LOW HITPOINT WARNING * * *
You miss something. Something hits you.
* * * LOW HITPOINT WARNING * * *
Something steals your amulet of the acrobat!
Space warps around you.
* * * LOW HITPOINT WARNING * * *
You hit something. You freeze something.
You feel better. Something hits you!
* * * LOW HITPOINT WARNING * * *
Something steals your +0 kite shield!
You blink.
Casting: Ice Form (dangerous; 14% risk of failure)
Confirm with . or Enter, or press ? or * to list all spells.
Okay, then.
You hear some strange, mumbled words.
You hear a zap.
A bolt of acid appears from out of thin air!
The bolt of acid hits you! You resist.
* * * LOW HITPOINT WARNING * * *
A stone appears from out of thin air!
The stone hits you but does no damage.
You feel a little less mighty now.
Your transformation is almost over.
A stone appears from out of thin air!
The stone hits you but does no damage.
Found 6 stones.
An orc comes into view. It is wielding a +0 flail.
You closely miss something. You barely miss something. Something hits you!
* * * LOW HITPOINT WARNING * * *
Something steals 54 gold pieces!
You no longer have enough gold to petition Gozag for potion effects.
You now have 370 gold pieces.
Space warps horribly around you!
You die...
Your body crumbles into a pile of gold.

##.# ###........# #..........
##.###..........#################
........................
##.###.........§........
#.###...#######........ #.......#
#.......######### ........[..#
#.......#.......## ....≈≈.......#
#{..............##
.≈§§§≈≈≈≈.....##Y..............##
≈§§≈≈≈≈≈≈≈≈....#...............#o
≈≈§≈≈§≈≈≈≈≈≈...#..........o......
≈≈≈≈≈≈§ ≈≈≈≈....(....###.###....
≈≈≈.... ≈≈≈.§.......# #.# #....
≈..§# o..####.###+###.... ..##
#...'_###.... ≈...##
#.###$###.... ....# #.# #....


You could see an orc (wandering).

Vanquished Creatures
  2 vault guards (Bailey)
  2 two-headed ogres
  Amaemon (D:8)
  An orange demon (D:8)
  Maggie (D:8)
  A troll (D:8)
  Prince Ribbit (D:7)
  A blink frog (Bailey)
  Sigmund (D:4)
  2 wyverns
  A wraith (D:6)
  A yak (D:6)
  A steam dragon (D:6)
  9 humans (Bailey)
  An orc warrior (D:6)
  A sky beast (D:7)
  3 ogres
  A black bear (D:6)
  A phantom (D:7)
  Blork the orc (D:4)
  3 kobold brigands
  2 gnoll sergeants (D:7)
  16 bullfrogs
  A wight (D:7)
  3 killer bees (D:8)
  2 howler monkeys
  3 jellies
  Crazy Yiuf (D:5)
  3 orc priests
  A gnoll bouda (D:4)
  4 hounds
  4 iguanas
  A sleepcap (D:5)
  5 orc wizards
  18 gnolls
  6 adders
  A white imp (D:6)
  2 ufetubi
  5 worms
  A dart slug (D:5)
  22 orcs
  4 bats
  6 endoplasms
  8 giant cockroaches
  10 goblins
  8 hobgoblins
  7 jackals (D:4)
  17 kobolds
  4 quokkas
  6 ball pythons
  3 frilled lizards
  5 rats
  A spectral goblin (D:2)
216 creatures vanquished.

Vanquished Creatures (others)
  An orc (D:8)
1 creature vanquished.

Grand Total: 217 creatures vanquished

Notes
Turn   | Place    | Note
-------+----------+-------------------------------------------
     0 | D:1      | monsoonserge the Octopode Transmuter began the quest for
                  | the Orb.
     0 | D:1      | Reached XP level 1. HP: 13/13 MP: 3/3
   160 | D:1      | Reached XP level 2. HP: 18/18 MP: 3/5
   458 | D:1      | Learned a level 2 spell: Wereblood
   706 | D:1      | Reached skill level 4 in Unarmed Combat
   738 | D:1      | Reached XP level 3. HP: 23/23 MP: 4/6
   833 | D:2      | Reached skill level 1 in Stealth
   929 | D:2      | Identified the +0 robe of the Vestibule of Hell {rElec rN+
                  | Int-4}
  1232 | D:2      | Found a faded altar of an unknown god.
  1827 | D:3      | Reached XP level 4. HP: 27/28 MP: 4/7
  2309 | D:4      | Noticed Blork the orc
  2394 | D:4      | Reached skill level 5 in Unarmed Combat
  2694 | D:3      | Reached XP level 5. HP: 21/33 MP: 4/8
  2784 | D:3      | Learned a level 3 spell: Spider Form
  2863 | D:4      | Killed Blork the orc
  3016 | D:4      | Noticed Sigmund
  3072 | D:3      | Reached skill level 1 in Shields
  3072 | D:3      | Reached skill level 6 in Unarmed Combat
  3072 | D:3      | Reached skill level 1 in Poison Magic
  3072 | D:3      | Reached XP level 6. HP: 27/38 MP: 3/9
  3422 | D:4      | Found a staircase to the Ecumenical Temple.
  3432 | Temple   | Entered the Ecumenical Temple
  3727 | D:4      | Killed Sigmund
  3728 | D:4      | Reached skill level 7 in Unarmed Combat
  3728 | D:4      | Reached XP level 7. HP: 34/43 MP: 5/10
  3736 | D:4      | Learned a level 4 spell: Ice Form
  3963 | D:5      | Entered Level 5 of the Dungeon
  3980 | D:5      | Found a radiant altar of Vehumet.
  4633 | D:5      | Reached skill level 1 in Ice Magic
  4635 | D:5      | Found a shimmering blue altar of Sif Muna.
  4637 | D:5      | Found a glowing silver altar of Zin.
  4833 | D:5      | Found a runed translucent door.
  4834 | D:5      | Noticed Crazy Yiuf
  4866 | D:5      | Killed Crazy Yiuf
  4982 | D:6      | Reached skill level 8 in Unarmed Combat
  4982 | D:6      | Reached XP level 8. HP: 26/48 MP: 5/12
  5279 | D:6      | Noticed a yak
  5387 | D:7      | Reached skill level 9 in Unarmed Combat
  5442 | D:7      | Found a flagged portal.
  5539 | Bailey   | Entered a bailey
  5572 | Bailey   | Reached skill level 10 in Unarmed Combat
  5572 | Bailey   | Reached XP level 9. HP: 26/53 MP: 2/13
  5650 | Bailey   | Learned a level 3 spell: Mephitic Cloud
  5700 | Bailey   | Reached skill level 1 in Conjurations
  5701 | Bailey   | Reached skill level 1 in Air Magic
  5710 | Bailey   | Reached skill level 11 in Unarmed Combat
  5802 | Bailey   | Reached skill level 5 in Transmutations
  5854 | Bailey   | Reached XP level 10. HP: 46/58 MP: 8/15
  6044 | Bailey   | Noticed a vault guard
  6058 | Bailey   | Killed a vault guard
  6059 | Bailey   | Reached skill level 12 in Unarmed Combat
  6171 | Bailey   | Noticed a vault guard
  6186 | Bailey   | Killed a vault guard
  6696 | D:6      | Reached skill level 13 in Unarmed Combat
  8100 | D:7      | Found Fynurcha's Weapon Shoppe.
  8118 | D:7      | Noticed Prince Ribbit
  8138 | D:7      | Killed Prince Ribbit
  8356 | D:8      | Noticed a two-headed ogre
  8357 | D:8      | Noticed a two-headed ogre
  8369 | D:7      | HP: 1/58 [two-headed ogre/+0 giant spiked club (15)]
  8371 | D:7      | Killed a two-headed ogre
  8372 | D:7      | Reached XP level 11. HP: 2/63 MP: 1/17
  8804 | D:5      | Found a blossoming altar of Fedhas.
  8804 | D:5      | Found an opulent altar of Gozag.
  8813 | D:5      | Became a worshipper of Gozag Ym Sagoz the Greedy
  8996 | D:8      | Found an ancient bone altar of Kikubaaqudgha.
  9004 | D:8      | Noticed Maurice
  9010 | D:8      | Reached skill level 14 in Unarmed Combat
  9202 | D:8      | Killed a two-headed ogre
  9336 | D:8      | Noticed Maggie
  9390 | D:8      | Killed Maggie
  9459 | D:8      | Noticed Amaemon
  9479 | D:8      | Killed Amaemon
  9543 | D:8      | Mangled by Maurice

Illustrated notes

Levels and vault maps discovered:
D:1:      dpeg_arrival_line_fractal, layout_basic, serial_forest,
          infiniplex_forest_clump_cross, infiniplex_forest_lined_2,
          infiniplex_forest_end_1, infiniplex_forest_clump_small,
          infiniplex_forest_lined_ring, infiniplex_forest_end_2,
          infiniplex_forest_clump_medium, infiniplex_forest_clump_tiny,
          infiniplex_forest_corner_2, minmay_pentomino_o2
D:2:      layout_loops_ring, dreamdust_ecumenical_altar_drowned_temple
D:3:      layout_basic, dk_noncrumbling_3, minmay_fractal_squares_diagonal_5
D:4:      layout_rooms, minmay_temple_entry_hall, uniq_blork_the_orc,
          uniq_sigmund
D:5:      layout_rooms, fiery_altar_vehumet, nicolae_overflow_hidden_temple,
          uniq_crazy_yiuf_cottage
D:6:      hangedman_cross_stitches, layout_basic
D:7:      layout_basic, serial_shops, nicolae_shop_rolling_square,
          enter_bailey_2, st_stairs_7, uniq_prince_ribbit1
D:8:      layout_basic, lemuel_doored_altar, grunt_ministairs_1,
          minmay_lindwurm_lava, uniq_maggie, uniq_maurice, uniq_amaemon
Temple:   nicolae_temple_bog_church

Skill      XL: |  1  2  3  4  5  6  7  8  9 10 11 |
---------------+----------------------------------+-----
Unarmed Combat | 4 5 6 7 8 10 11 13 14 | 14.6
Stealth        | 1 2 3 |  3.7
Shields        | 1 |  1.0
Poison Magic   | 1 2 3 |  3.0
Ice Magic      | 1 2 |  2.0
Spellcasting   | 3 4 |  4.3
Transmutations | 4 5 6 7 |  7.4
Conjurations   | 2 |  2.0
Air Magic      | 2 |  2.0
Fighting       | |  1.0
Dodging        | |  2.0

Action                     |  1- 3 |  4- 6 |  7- 9 | 10-12 || total
---------------------------+-------+-------+-------+-------++-------
  Melee: Unarmed           |    73 |    97 |   232 |   240 ||   642
         Kick              |    27 |     4 |     2 |     4 ||    37
         Constrict         |    22 |    10 |     7 |     2 ||    41
         Tentacles         |    10 |     9 |     8 |     6 ||    33
         Punch             |     2 |     2 |     6 |     2 ||    12
   Cast: Beastly Appendage |    32 |     4 |     5 |     1 ||    42
         Spider Form       |       |     9 |    21 |    13 ||    43
         Wereblood         |       |       |     2 |     1 ||     3
         Ice Form          |       |       |     1 |    15 ||    16
         Mephitic Cloud    |       |       |       |     2 ||     2
Ability: End Transformatio |       |       |       |     1 ||     1
    Use: Potion            |       |     1 |       |     7 ||     8
         Scroll            |       |       |       |     9 ||     9
   Stab: Sleeping          |    10 |     3 |     2 |       ||    15
         Distracted        |       |       |       |     1 ||     1
         Confused          |       |       |       |     1 ||     1
 Armour: Skin              |     7 |     8 |    10 |    30 ||    55
  Dodge: Dodged            |    40 |    60 |   171 |   124 ||   395
  Block: Kite shield       |       |     6 |       |       ||     6
